 Dungeon Crawl Stone Soup version 0.31-a0-692-gf03d1854d5 (webtiles) character file.

Game seed: 7766806690630208490

424 qw the Shooter (level 6, -1/38 HPs)
             Began as a Gargoyle Hunter on Sept 6, 2023.
             Slain by a hobgoblin (6 damage)
             ... led by Robin
             ... on level 4 of the Dungeon.
             The game lasted 00:01:13 (2380 turns).

qw the Shooter (Gargoyle Hunter)                    Turns: 2380, Time: 00:01:14

Health: -1/38      AC: 11    Str: 14    XL:     6   Next: 96%
Magic:  6/6        EV: 11    Int: 10    God:
Gold:   280        SH:  0    Dex: 15    Spells: 5/5 levels left

rFire   . . .        Y - +0 shortbow
rCold   . . .        (shield currently unavailable)
rNeg    + . .        f - +0 ring mail
rPois   inf          (no helmet)
rElec   +            (no cloak)
rCorr   .            e - +1 pair of gloves
SInv    .            (no boots)
Will    .....        (no amulet)
Stlth   +            (no ring)
HPRegen 0.26/turn    (no ring)
MPRegen 0.10/turn

%: no passive effects
@: about to teleport
A: sickness immunity, AC +4, negative energy resistance 1, electricity
resistance, torment resistance 1, petrification resistance
a: no special abilities


You were on level 4 of the Dungeon.
You visited 1 branch of the dungeon, and saw 4 of its levels.

You collected 280 gold pieces.


Innate Abilities, Weirdness & Mutations

You are immune to sickness and miasma.
Your stone body is resilient. (AC +4)
You are immune to poison.
You resist negative energy. (rN+)
You are resistant to electric shocks. (rElec)
You are resistant to unholy torment.
You are immune to petrification.


   Skills:
 - Level 4.0 Fighting
 + Level 7.1 Ranged Weapons
 - Level 1.3 Armour
 - Level 1.9 Dodging
 - Level 1.1 Stealth


You had 5 spell levels left.
You didn't know any spells.
Your spell library was empty.

Inventory:

Hand Weapons
 Y - a +0 shortbow (weapon)
Armour
 e - a +1 pair of gloves (worn)
 f - a +0 ring mail (worn)
Jewellery
 h - a ring of ice
Scrolls
 a - a scroll of identify
Potions
 b - a potion of might {unknown}
 d - a potion of brilliance {unknown}
 i - 2 potions of curing {unknown}
 j - a potion of attraction {unknown}
 k - a potion of haste {unknown}

Dungeon Overview and Level Annotations

Branches:
Dungeon (4/15)
 Temple: D:4-7

Altars:
Zin

Annotations:
D:4 Robin


Message History

The goblin closely misses you. The goblin hits you but does no damage.
Robin barely misses you. The goblin hits you but does no damage.
You shoot an arrow. The arrow barely misses the goblin.
The goblin hits you but does no damage. The goblin hits you with a +0 dagger.
Robin closely misses you. The goblin barely misses you.
You shoot an arrow. The arrow hits the goblin.
You kill the goblin!
The goblin no longer looks unusually strong.
The goblin hits you with a +0 club. Robin throws the goblin at you!
The goblin hits you with a +0 club.
You shoot an arrow.
The arrow hits Robin but does no damage.
The goblin closely misses you. The goblin hits you with a +0 club.
2377 ||| READING scroll of teleportation.
As you read the scroll of teleportation, it crumbles to dust.
You feel strangely unstable. The goblin hits you but does no damage.
The hobgoblin barely misses you. Robin hits you but does no damage.
The goblin hits you but does no damage.
You shoot an arrow. The arrow closely misses Robin.
The goblin no longer looks unusually strong.
The goblin hits you but does no damage. The hobgoblin barely misses you.
Robin throws the goblin at you! The goblin misses you.
The hobgoblin closely misses you. The goblin barely misses you.
The goblin hits you but does no damage.
Robin says, "Bow before me, strongest of all the hobgoblins!"
Robin roars a battlecry!
The goblins go into a battle-frenzy!
The goblin hits you with a +0 club.
You shoot an arrow. The arrow barely misses Robin.
The hobgoblin no longer looks unusually strong.
Robin roars a battlecry!
The hobgoblin goes into a battle-frenzy!
The goblin closely misses you. The goblin hits you but does no damage.
The hobgoblin barely misses you. The goblin hits you but does no damage.
You shoot an arrow.
The arrow hits Robin but does no damage.
The goblin no longer looks unusually strong.
Robin hits you but does no damage. The goblin misses you.
The goblin closely misses you. The hobgoblin hits you.
You die...

... .... )...#
#### .%...##..#
###
.........###.#
#..........###
#.)..........#
#...ggg.#...#
#...#.#@g.#..##
... #.#.g.....#
. ..##.#..#....#
#........##...##
####....###....#
#.....###...##
#.......##...#
#>...........#
............#.##


You could see Robin, a hobgoblin (strong) and 3 goblins.

Vanquished Creatures
  Grinder (D:3)
  Ijyb (D:3)
  Terence (D:3)
  Natasha (thrice) (D:3)
  2 adders
  3 worms
  4 orcs (D:3)
  5 bats
  9 endoplasms
  2 giant cockroaches (D:1)
  9 goblins
  11 hobgoblins
  5 kobolds
  4 quokkas
  8 ball pythons
  4 frilled lizards
  4 rats
76 creatures vanquished.

Notes
Turn   | Place    | Note
-------+----------+-------------------------------------------
     0 | D:1      | qw the Gargoyle Hunter began the quest for the Orb.
     0 | D:1      | Reached XP level 1. HP: 12/12 MP: 1/1
     0 | D:1      | 0 ||| qw: Version: 0.3-a-76-g4403597
     0 | D:1      | 0 ||| qw: Game counter: 268
     0 | D:1      | 0 ||| qw: Melee chars always use a shield: true
     0 | D:1      | 0 ||| qw: God list: Okawaru
     0 | D:1      | 0 ||| qw: Allow faded altars: false
     0 | D:1      | 0 ||| qw: Do Orc after clearing Dungeon:15 true
     0 | D:1      | 0 ||| qw: Do second Lair branch before Depths: true
     0 | D:1      | 0 ||| qw: Lair rune preference: random
     0 | D:1      | 0 ||| qw: Goals: Normal
     0 | D:1      | 0 ||| PLANNING D:1-11
   108 | D:1      | Reached XP level 2. HP: 17/17 MP: 2/2
   117 | D:1      | HP: 1/17 [hobgoblin (4)]
   278 | D:1      | Found a faded altar of an unknown god.
   318 | D:1      | Reached XP level 3. HP: 21/21 MP: 3/3
   354 | D:1      | Reached skill level 5 in Ranged Weapons
   354 | D:1      | 354 ||| Stepping ~*~*~tactically~*~*~ (outnumbered).
   523 | D:1      | 523 ||| READING 3 scrolls labelled RAFUIX XAFY.
   524 | D:1      | 524 ||| READING scroll labelled PYKLES SOLU.
   525 | D:1      | 525 ||| READING scroll labelled PIMUAT WESH.
   526 | D:1      | 526 ||| READING 2 scrolls of identify.
   526 | D:1      | 526 ||| IDENTIFYING viscous golden potion
   527 | D:1      | 527 ||| DROPPING scroll of butterflies.
   528 | D:1      | 528 ||| DROPPING potion of lignification.
   634 | D:2      | Reached skill level 3 in Fighting
   887 | D:2      | Reached XP level 4. HP: 28/28 MP: 4/4
  1033 | D:2      | Found a glowing silver altar of Zin.
  1196 | D:2      | 1196 ||| UPGRADING to +0 pair of gloves.
  1201 | D:2      | 1201 ||| READING scroll labelled QOLLIN JEU.
  1302 | D:2      | 1302 ||| READING scroll labelled VERCHEFULLI.
  1303 | D:2      | 1303 ||| READING scroll labelled NISEADE GUKO.
  1304 | D:2      | 1304 ||| READING scroll labelled KABBE UBLATIV.
  1309 | D:2      | 1309 ||| READING scroll labelled TIFFIRGH WEGI.
  1310 | D:2      | 1310 ||| READING 2 scrolls of identify.
  1310 | D:2      | 1310 ||| IDENTIFYING fizzy inky potion
  1311 | D:2      | 1311 ||| DROPPING potion of invisibility.
  1415 | D:3      | Noticed Grinder
  1440 | D:3      | Killed Grinder
  1441 | D:3      | Reached skill level 7 in Ranged Weapons
  1441 | D:3      | Reached XP level 5. HP: 13/32 MP: 5/5
  1441 | D:3      | Reached XP level 6. HP: 15/37 MP: 6/6
  1548 | D:3      | Noticed Ijyb
  1565 | D:3      | Killed Ijyb
  1566 | D:3      | Reached skill level 1 in Armour
  1753 | D:3      | Noticed Natasha
  1764 | D:3      | Killed Natasha
  1920 | D:3      | 1920 ||| READING scroll of enchant armour.
  1920 | D:3      | 1920 ||| ENCHANTING +0 pair of gloves.
  2029 | D:3      | Noticed Natasha
  2032 | D:3      | Noticed Terence
  2035 | D:3      | 2035 ||| Stepping ~*~*~tactically~*~*~ (retreating).
  2036 | D:3      | 2036 ||| Stepping ~*~*~tactically~*~*~ (retreating).
  2042 | D:3      | 2042 ||| Stepping ~*~*~tactically~*~*~ (retreating).
  2044 | D:3      | 2044 ||| Stepping ~*~*~tactically~*~*~ (retreating).
  2053 | D:3      | Killed Terence
  2058 | D:3      | Killed Natasha
  2175 | D:3      | Noticed Natasha
  2184 | D:3      | Killed Natasha
  2286 | D:3      | 2286 ||| UPGRADING to +0 ring mail.
  2296 | D:3      | 2296 ||| DROPPING +0 leather armour.
  2355 | D:4      | Noticed Robin
  2356 | D:4      | 2356 ||| Stepping ~*~*~tactically~*~*~ (outnumbered).
  2376 | D:4      | HP: 9/38 [goblin/+0 club[Robin] (5)]
  2377 | D:4      | 2377 ||| READING scroll of teleportation.
  2380 | D:4      | Slain by a hobgoblin

Levels and vault maps discovered:
D:1:      minmay_arrival_stone_box, layout_rooms,
          hellmonk_ecumenical_altar_lost_god, minmay_tall_x
D:2:      layout_loops_ring, basic_altar, serial_bayou_pond_b,
          nicolae_figureground_sparkle
D:3:      layout_rooms, serial_bayou_pond_a, uniq_grinder, uniq_terence,
          uniq_ijyb, uniq_natasha
D:4:      cheibrodos_barr_body, layout_cave_pools, dk_noncrumbling_3,
          uniq_menkaure, uniq_robin

Skill      XL: |  1  2  3  4  5  6 |
---------------+-------------------+-----
Ranged Weapons | 5 7 |  7.1
Fighting       | 3 4 |  4.0
Armour         | 1 |  1.3
Dodging        | |  1.9
Stealth        | |  1.1

Action                     |  1- 3 |  4- 6 || total
---------------------------+-------+-------++-------
  Melee: Unarmed           |       |     4 ||     4
   Fire: Shortbow          |   142 |   175 ||   317
    Use: Scroll            |     4 |     8 ||    12
 Armour: Leather armour    |    56 |    41 ||    97
         Ring mail         |       |    42 ||    42
         Skin              |       |     1 ||     1
  Dodge: Dodged            |    48 |    73 ||   121

Table legend:
 A = Non-vault XP
 B = Vault XP
 C = Vault XP percentage of total XP
 D = Non-vault monster count
 E = Vault monster count
 F = Vault count percentage of total count
                 A         B        C        D         E       F
            +---------+---------+-------+---------+---------+-------
      Total |     195 |     412 |  67.9 |      58 |      18 |  23.7
            +---------+---------+-------+---------+---------+-------
        D:1 |      42 |       7 |  14.3 |      24 |       4 |  14.3
        D:2 |      34 |       7 |  17.1 |      12 |       2 |  14.3
        D:3 |     118 |     382 |  76.4 |      21 |       4 |  16.0
        D:4 |       1 |      16 |  94.1 |       1 |       8 |  88.9
            +---------+---------+-------+---------+---------+-------
